 Dungeon Crawl Stone Soup version 0.29-a0-870-g2c972031a6 (webtiles) character file.

Game seed: 7019524195458494134

123 porpoise the Poker (level 4, 0/35 HPs)
             Began as a Demonspawn Gladiator on July 18, 2022.
             Slain by a kobold
             ... wielding a +0 short sword
              (1 damage)
             ... on level 4 of the Dungeon.
             The game lasted 00:04:42 (2214 turns).

porpoise the Poker (Demonspawn Gladiator)           Turns: 2214, Time: 00:04:43

Health: 0/35       AC:  4    Str: 17    XL:     4   Next: 80%
Magic:  0/4        EV: 12    Int:  9    God:
Gold:   154        SH:  0    Dex: 14    Spells: 3/3 levels left

rFire   . . .      SeeInvis .   a - +0 trident
rCold   + . .      Faith    .   (no shield)
rNeg    . . .      Spirit   +   b - +0 leather armour
rPois   .          Reflect  .   c - +0 helmet
rElec   .          Harm     .   (no cloak)
rCorr   .          Rampage  .   (no gloves)
Will    +....                   (no boots)
Stlth   +.........              (no amulet)
HPRegen 0.11/turn               f - ring of willpower
MPRegen 0.18/turn               m - ring of protection from cold

@: lethally poisoned (0 -> -15)
A: magic shield, magic regeneration
a: no special abilities


You were on level 4 of the Dungeon.
You visited 1 branch of the dungeon, and saw 5 of its levels.

You collected 154 gold pieces.

Inventory:

Hand Weapons
 a - a +0 trident (weapon)
Missiles
 e - a javelin (quivered)
Armour
 b - a +0 leather armour (worn)
 c - a +0 helmet (worn)
Jewellery
 f - a ring of willpower (left hand)
 m - a ring of protection from cold (right hand)
 q - a ring of willpower
 r - a ring of resist corrosion
 u - a ring of fire
Wands
 t - a wand of mindburst (17)
 v - a wand of roots (10)
Scrolls
 g - a scroll of identify {unknown}
 i - 2 scrolls of magic mapping {unknown}
 j - 2 scrolls of enchant weapon {unknown}
 l - 2 scrolls of vulnerability {unknown}
 o - a scroll of noise {unknown}
 p - a scroll of teleportation {unknown}
 s - a scroll of fear {unknown}
Potions
 h - a potion of haste {unknown}
 k - 2 potions of curing {unknown}
 n - 2 potions of might {unknown}


   Skills:
 + Level 3.3 Fighting
 * Level 4.4 Polearms
 - Level 1.7 Throwing
 - Level 2.6 Dodging


You had 3 spell levels left.
You didn't know any spells.
Your spell library was empty.

Dungeon Overview and Level Annotations

Branches:
Dungeon (5/15)
 Temple: D:4-7

Altars:


Innate Abilities, Weirdness & Mutations

When hurt, damage is shared between your health and your magic reserves.
You regenerate magic rapidly.


Message History

The sling bullet hits you.
You hit the water moccasin.
The water moccasin is lightly wounded.
The water moccasin closely misses you.
The goblin shoots a sling bullet.
The sling bullet barely misses you.
The kobold shouts!
You puncture the water moccasin!
The water moccasin is heavily wounded.
The water moccasin bites you. x2; The goblin shoots a sling bullet.
The sling bullet barely misses you.
You are too injured to fight recklessly!
You are too injured to fight recklessly!
You are too injured to fight recklessly!
You miss the water moccasin.
The water moccasin is heavily wounded.
The water moccasin bites you.
You are poisoned.
The water moccasin poisons you!
The goblin shoots a sling bullet.
The sling bullet closely misses you.
You hit the water moccasin.
The water moccasin is heavily wounded.
* * * LOW HITPOINT WARNING * * *
You feel very sick. The water moccasin closely misses you.
The water moccasin bites you but does no damage.
You closely miss the water moccasin.
The water moccasin is heavily wounded.
* * * LOW HITPOINT WARNING * * *
You feel sick.
The water moccasin bites you but does no damage.
The kobold hits you but does no damage.
You closely miss the water moccasin.
The water moccasin is heavily wounded.
* * * LOW HITPOINT WARNING * * *
You feel sick. The water moccasin bites you!
* * * LOW HITPOINT WARNING * * *
You are more poisoned.
The water moccasin poisons you!
The kobold hits you with a +0 short sword.
You die...

#..## ###....#.
.........
......... .
...K.....
...#####... ..#
.........##...#.
................
.#.....#@S..##.
#.....#.K..#
..(.........#
.......####..g
....... #....
....... ...#
..g.... ..# ...
.(


You could see a water moccasin, a goblin and a kobold.

Vanquished Creatures
  A scorpion (D:4)
  3 adders (D:2)
  A worm (D:2)
  2 dart slugs
  5 ball pythons
  4 endoplasms
  A giant cockroach (D:1)
  3 hobgoblins
  A quokka (D:2)
  A bat (D:2)
  4 frilled lizards
  2 goblins
  4 kobolds
  2 rats (D:2)
34 creatures vanquished.

Notes
Turn   | Place    | Note
-------+----------+-------------------------------------------
     0 | D:1      | porpoise the Demonspawn Gladiator began the quest for the
                  | Orb.
     0 | D:1      | Reached XP level 1. HP: 16/16 MP: 1/1
   135 | D:1      | Reached skill level 3 in Polearms
   165 | D:1      | Gained mutation: You regenerate magic rapidly. [demonic
                  | ancestry]
   165 | D:1      | Reached XP level 2. HP: 10/22 MP: 2/2
   944 | D:2      | Gained mutation: When hurt, damage is shared between your
                  | health and your magic reserves. [demonic ancestry]
   944 | D:2      | Reached XP level 3. HP: 19/28 MP: 3/3
  1400 | D:2      | Found a faded altar of an unknown god.
  2165 | D:3      | You fall into a shaft and drop 2 floors!
  2165 | D:5      | Entered Level 5 of the Dungeon
  2177 | D:5      | Noticed a troll
  2183 | D:4      | Noticed a scorpion
  2199 | D:4      | Killed a scorpion
  2200 | D:4      | Reached skill level 4 in Polearms
  2200 | D:4      | Reached XP level 4. HP: 32/35 MP: 1/4
  2201 | D:4      | Noticed a water moccasin
  2214 | D:4      | HP: 1/35 [water moccasin (5)]
  2214 | D:4      | Slain by a kobold

Illustrated notes

Levels and vault maps discovered:
D:1:      minmay_arrival_radiant_lines, layout_basic
D:2:      layout_basic, chequers_ecumenical_altar_grove
D:3:      layout_rooms, hangedman_abyss_or_decor_lesser_grid
D:4:      layout_cave_pools, lemuel_doored_altar, temple_hall, minivault_1,
          uniq_edmund
D:5:      layout_rooms, dk_xom_monty_hall, serial_shops, nicolae_shop_stone

Skill      XL: |  1  2  3 |
---------------+----------+-----
Polearms       | 3 4 |  4.4
Fighting       | 3 |  3.3
Throwing       | |  1.7
Dodging        | |  2.6

Action                   |  1- 3 |  4- 6 || total
-------------------------+-------+-------++-------
Melee: Trident           |   120 |     9 ||   129
Throw: Throwing net      |     3 |       ||     3
 Stab: Held in net/web   |     1 |       ||     1
Armor: Leather armour    |    34 |     3 ||    37
Dodge: Dodged            |    70 |     5 ||    75

Table legend: (Time is in decaauts)
 A = Elapsed time spent in this place.
 B = Non-inter-level travel time spent in this place.
 C = Inter-level travel time spent in this place.
 D = Time resting spent in this place.
 E = Time spent auto-exploring this place.
 F = Levels seen in this place.
 G = Mean time per level.
                   A        B        C        D        E       F      G
               +--------+--------+--------+--------+--------+-----+--------+
         Total |   2229 |   2175 |     54 |    845 |    996 |   5 |  445.8 |
       Dungeon |   2229 |   2175 |     54 |    845 |    996 |   5 |  445.8 |
               +--------+--------+--------+--------+--------+-----+--------+

Top non-repeatable levels by time:
     D:2: 1331 daAuts
     D:1: 830 daAuts
     D:4: 33 daAuts
     D:3: 17 daAuts
     D:5: 16 daAuts
